 Dungeon Crawl Stone Soup version bcrawl-1.35.5 (webtiles) character file.

Game seed: 15464933610069513986

272115 einarkeyser the Quickloader (level 8, 0/56 HPs)
             Began as a Human Hunter on Mar 9, 2022.
             Was a Believer of Fedhas.
             Killed by vampiric draining
             ... invoked by an eye of draining
              (17 damage)
             ... on level 5 of the Dungeon.
             The game lasted 00:07:49 (3645 turns).

einarkeyser the Quickloader (Human Hunter)          Turns: 3645, Time: 00:07:50

Health: 0/56       AC:  5    Str: 12    XL:     8   Next: 42%
Magic:  1/8        EV:  9    Int: 11    God:    Fedhas [**....]
Gold:   378        SH:  9    Dex: 17    Spells: 7/7 levels left

rFire    . . .     SeeInvis .   a - +1 hand crossbow
rCold    + . .     Gourm    .   c - +0 medium shield (curse)
rNeg     . . .     Faith    .   g - +2 robe {RegenMP}
rPois    .         Spirit   .   (no helmet)
rElec    .         Reflect  .   o - +0 cloak
rCorr    .                      (no gloves)
MR       .....                  (no boots)
Stlth    ++........             (no amulet)
HPRegen  0.18/turn              l - ring of protection from cold
MPRegen  0.22/turn              (no ring)

@: no status effects
A: no striking features
a: Fungal Bloom, Sunlight, Evolution, Renounce Religion


You were on level 5 of the Dungeon.
You worshipped Fedhas.
Fedhas was pleased with you.
You were hungry.

You visited 1 branch of the dungeon, and saw 5 of its levels.

You collected 378 gold pieces.

Inventory:

Hand Weapons
 a - a +1 hand crossbow (weapon)
 b - a +0 short sword
Missiles
 d - 169 bolts (quivered)
 z - a throwing net {=f}
Armour
 c - a cursed +0 medium shield (worn)
 g - a +2 robe of magic recovery (worn)
 o - a +0 cloak (worn)
 x - a scarf of clouds
Jewellery
 j - an uncursed ring of ice
 l - a ring of protection from cold (left hand)
 m - the ring of Grace {Fire +Inv rPois Dex-3}
   (You found it on level 1 of the Dungeon)

   [ring of fire]

   It enhances your fire magic.
   It affects your dexterity (-3).
   It protects you from fire.
   It makes you vulnerable to cold.
   It protects you from poison.
   It lets you turn invisible.
 w - a cursed ring of insulation {unknown}
 y - a cursed amulet of inaccuracy {unknown}
 B - an uncursed amulet of the acrobat {unknown}
Scrolls
 h - a scroll of amnesia {unknown}
 i - 3 scrolls of identify
 k - 4 scrolls of remove curse
 p - 2 scrolls of magic mapping
 r - a scroll of teleportation {unknown}
 s - a scroll of enchant armour {unknown}
 t - a scroll of noise {unknown}
 u - a scroll of enchant weapon {unknown}
 v - 2 scrolls of fog {unknown}
Potions
 f - 2 potions of lignification
 n - a potion of curing
 q - a potion of mutation {unknown}
 A - a potion of heal wounds {unknown}
Comestibles
 e - 8 rations {!d}


   Skills:
 - Level 2.0 Fighting
 + Level 10.0 Crossbows
 - Level 2.1 Dodging
 - Level 2.0 Stealth
 + Level 4.1 Shields


You had 7 spell levels left.
You didn't know any spells.
Your spell library was empty.

Dungeon Overview and Level Annotations

Branches:
Dungeon (5/12)             Temple (0/1) D:4

Altars:
Ashenzari
Cheibriados
Fedhas
Qazlal
Sif Muna
Trog
Zin


Message History

The eye of draining gazes at you.
The gnoll hits you from afar with a +1 antimagic trident!
* * * LOW HITPOINT WARNING * * *
Firing (i - inventory. (/) - cycle)
d - 171 bolts (quivered)
Press: ? - help, Shift-Dir - straight line, f/p - eye of draining
Aim: an eye of draining (moderately wounded)
You shoot a bolt. The bolt hits the eye of draining!
The eye of draining is heavily wounded.
The eye of draining gazes at you. The gnoll barely misses you.
The eye of draining gazes at you.
Firing (i - inventory. (/) - cycle)
d - 170 bolts (quivered)
Press: ? - help, Shift-Dir - straight line, f/p - eye of draining
Aim: an eye of draining (heavily wounded)
You shoot a bolt.
The bolt barely misses the eye of draining.
The bolt barely misses the gnoll.
The eye of draining is infused with unholy energy.
You die...
Fedhas appreciates your contribution to the ecosystem.

........############..#
##......# ###..#
#......# ..#..#
######## ## #.#..#
#..#.#..# #..#.#..#
#......## #.##.###
#.@Gg# #####.G.....
......_ ....... ##.8..G
#...# ####


You could see 2 eyes of draining and a gnoll.

Vanquished Creatures
  A water moccasin (D:4)
  An ice beast (D:4)
  2 ogres
  A centaur (D:4)
  2 scorpions
  2 hounds (D:5)
  2 bullfrog skeletons (D:4)
  An iron imp (D:5)
  3 worker ants
  An iguana (D:5)
  4 gnolls
  A howler monkey skeleton (D:4)
  6 adders
  An adder skeleton (D:4)
  7 worms
  3 dart slugs
  A leopard gecko (D:1)
  8 orcs
  4 giant cockroaches
  7 goblins
  12 hobgoblins
  9 jackals
  5 bats
  4 frilled lizards
  A jackal skeleton (D:5)
  10 kobolds
  3 rats
102 creatures vanquished.

Notes
Turn   | Place    | Note
-------+----------+-------------------------------------------
     0 | D:1      | einarkeyser the Human Hunter began the quest for the Orb.
     0 | D:1      | Reached XP level 1. HP: 16/16 MP: 1/1
   114 | D:1      | Reached XP level 2. HP: 19/22 MP: 2/2
   245 | D:1      | Reached skill level 5 in Crossbows
   245 | D:1      | Reached XP level 3. HP: 19/27 MP: 3/3
   304 | D:1      | Got a vibrating wooden ring
   903 | D:2      | Reached XP level 4. HP: 33/33 MP: 4/4
  1052 | D:2      | Reached skill level 6 in Crossbows
  1121 | D:2      | Identified the ring of Grace {Fire +Inv rPois Dex-3} (You
                  | found it on level 1 of the Dungeon)
  1364 | D:3      | Reached XP level 5. HP: 32/38 MP: 5/5
  1508 | D:3      | Found a glowing silver altar of Zin.
  1508 | D:3      | Found a stormy altar of Qazlal.
  1508 | D:3      | Found a blossoming altar of Fedhas.
  1518 | D:3      | Became a worshipper of Fedhas Madash
  1633 | D:3      | Reached skill level 7 in Crossbows
  1633 | D:3      | Reached XP level 6. HP: 44/44 MP: 6/6
  1692 | D:3      | Found a shattered altar of Ashenzari.
  2146 | D:4      | Found a staircase to the Ecumenical Temple.
  2222 | D:4      | Reached skill level 8 in Crossbows
  2242 | D:4      | Noticed an ice beast
  2247 | D:4      | Killed an ice beast
  2247 | D:4      | Reached * piety under Fedhas
  2248 | D:4      | Reached XP level 7. HP: 50/50 MP: 7/7
  2256 | D:4      | Reached skill level 9 in Crossbows
  2524 | D:4      | Reached skill level 1 in Shields
  3073 | D:5      | Entered Level 5 of the Dungeon
  3073 | D:5      | Noticed a water moccasin
  3120 | D:4      | Killed a water moccasin
  3121 | D:4      | Reached XP level 8. HP: 32/56 MP: 8/8
  3352 | D:5      | Reached ** piety under Fedhas
  3472 | D:5      | Found a shimmering blue altar of Sif Muna.
  3522 | D:5      | Found a snail-covered altar of Cheibriados.
  3573 | D:5      | Reached skill level 10 in Crossbows
  3630 | D:5      | Found a bloodstained altar of Trog.
  3630 | D:5      | Noticed an eye of draining
  3630 | D:5      | Noticed an eye of draining
  3645 | D:5      | Killed from afar by an eye of draining

Skill      XL: |  1  2  3  4  5  6  7  8 |
---------------+-------------------------+-----
Stealth        | 2 |  2.0
Crossbows      | 5 6 7 8 9 10 | 10.0
Shields        | 3 4 |  4.1
Fighting       | |  2.0
Dodging        | |  2.1

Action                   |  1- 3 |  4- 6 |  7- 9 || total
-------------------------+-------+-------+-------++-------
 Fire: Hand crossbow     |    55 |   136 |   107 ||   298
  Use: Scroll            |       |     7 |       ||     7
       Potion            |       |       |     1 ||     1
  Eat: Chunk             |     2 |     8 |     7 ||    17
Armor: Leather armour    |     4 |     6 |       ||    10
       Robe              |       |       |    15 ||    15
       Skin              |       |       |     6 ||     6
Dodge: Dodged            |    10 |    15 |    10 ||    35
Block: Medium shield     |       |       |    25 ||    25
